 Dungeon Crawl Stone Soup version 0.32-a0-540-g866d13106e (webtiles) character file.

Game seed: 16176886674740655333

546 HC7 the Trooper (level 7, -7/66 HPs)
             Began as a Troll Warper on Feb 28, 2024.
             Succumbed to a water moccasin's poison
             ... on level 5 of the Dungeon.
             The game lasted 00:09:54 (3000 turns).

HC7 the Trooper (Troll Warper)                      Turns: 3000, Time: 00:09:55

Health: -7/66      AC: 11    Str: 20    XL:     7   Next: 6%
Magic:  7/9        EV: 11    Int: 15    God:
Gold:   182        SH:  0    Dex: 17    Spells: 8/10 levels left

rFire   . . .        c - +2 flail (protect)
rCold   . . .        (no shield)
rNeg    . . .        b - +0 robe
rPois   .            (helmet restricted)
rElec   .            (no cloak)
rCorr   .            (gloves unavailable)
SInv    .            (boots unavailable)
Will    .....        (no amulet)
Stlth   ++           r - +6 ring of dexterity
HPRegen 1.11/turn    m - +6 ring of intelligence
MPRegen 0.11/turn

%: no passive effects
@: lethally poisoned (-7 -> -38), under a protective aura, on blink cooldown
A: large, unfitting armour, claws 3, regeneration 1, shaggy fur 1, tough skin 1
a: no special abilities


You were on level 5 of the Dungeon.
You visited 1 branch of the dungeon, and saw 5 of its levels.

You collected 182 gold pieces.

Inventory:

Hand Weapons
 a - a +1 spear
 c - a +2 flail of protection (weapon)
 h - a +0 sling
 o - a +2 lajatang of pain
 s - the +7 quarterstaff of Midsummer {heavy, *Rage rF+ Dex+2 SInv}
   (You found it on level 3 of the Dungeon)

   Dex+2:     It affects your dexterity (+2).
   rF+:       It protects you from fire.
   SInv:      It lets you see invisible.
   *Rage:     It berserks you when you make melee attacks (+20% chance).
 t - a +0 scythe of freezing
Missiles
 d - 7 darts of dispersal
 e - 5 poisoned darts (quivered)
Armour
 b - a +0 robe (worn)
Magical Staves
 p - a staff of cold
Jewellery
 i - a ring of poison resistance
 m - a +6 ring of intelligence (right claw)
 r - a +6 ring of dexterity (left claw)
Scrolls
 g - 11 scrolls of identify
Potions
 f - 2 potions of mutation
 j - 6 potions of heal wounds {unknown}
 k - 3 potions of curing {unknown}
 l - a potion of resistance {unknown}
 n - 3 potions of degeneration {unknown}
 q - a potion of magic {unknown}


   Skills:
 + Level 2.8 Fighting
 + Level 0.5(1.8) Maces & Flails
 + Level 1.8(2.5) Polearms
 + Level 2.5(2.9) Staves
 + Level 0.8 Throwing
 + Level 2.8 Dodging
 * Level 1.4 Stealth
 + Level 2.1 Unarmed Combat
 * Level 2.2 Spellcasting
 + Level 2.5 Translocations


You had 8 spell levels left.
You knew the following spells:

 Your Spells              Type           Power      Damage    Failure   Level
a - Blink                 Tloc           18%        N/A       12%         2

Your spell library contained the following spells:

 Spells                   Type           Power      Damage    Failure   Level
 Lesser Beckoning         Tloc           18%        N/A       12%         2
 Momentum Strike          Conj/Tloc      10%        3d8       21%         2
 Teleport Other           Tloc           9%         N/A       24%         3
 Manifold Assault         Tloc           9%         N/A       61%         4
 Vhi's Electric Charge    Tloc/Air       10%        N/A       78%         4


Dungeon Overview and Level Annotations

Branches:
Dungeon (5/15)
 Temple: D:4-7

Altars:
Gozag
Trog

Shops:
D:1 [


Innate Abilities, Weirdness & Mutations

You are too large for most types of armour.
You have claws for hands.
Your natural rate of healing is unusually fast.
You are covered in fur. (AC +1)
You have tough skin. (AC +1)


Message History

You hit the water moccasin.
The water moccasin is heavily wounded.
The water moccasin bites you but does no damage.
The gnoll barely misses you. The water moccasin closely misses you.
The gnoll hits you from afar with a +0 halberd.
You barely miss the water moccasin.
The water moccasin is heavily wounded.
The water moccasin bites you but does no damage. x2
The gnoll hits you from afar with a +0 halberd.
You miss the water moccasin.
The water moccasin is heavily wounded.
The water moccasin bites you.
The gnoll hits you from afar with a +0 halberd.
The water moccasin bites you!
You are poisoned.
The water moccasin poisons you!
You hit the water moccasin.
The water moccasin is heavily wounded.
You feel very sick. The water moccasin bites you.
* * * LOW HITPOINT WARNING * * *
You are more poisoned.
The water moccasin poisons you! The gnoll closely misses you.
The water moccasin bites you.
* * * LOW HITPOINT WARNING * * *
You are lethally poisoned!
The water moccasin poisons you! The gnoll barely misses you.
You closely miss the water moccasin.
The water moccasin is heavily wounded.
* * * LOW HITPOINT WARNING * * *
You feel extremely sick. The water moccasin bites you.
* * * LOW HITPOINT WARNING * * *
You are more poisoned.
The water moccasin poisons you! The gnoll closely misses you.
The water moccasin bites you but does no damage.
Casting: Blink (safe; 12% risk of failure)
Confirm with . or Enter, or press ? or * to list all spells.
You blink.
You die...

############
#........... #.@#
##.# #g# #g# #g#
...####S##########
.......ยง..........
...####..#########
......#


You could see a water moccasin and 3 gnolls.

Vanquished Creatures
  Sigmund (D:4)
  Eustachio (D:4)
  3 orc priests
  4 gnolls (D:4)
  3 adders
  5 dart slugs
  5 orcs
  9 endoplasms
  4 giant cockroaches
  2 goblins
  4 hobgoblins
  15 jackals
  4 quokkas
  5 ball pythons
  8 bats
  2 frilled lizards
  6 kobolds
  8 rats
89 creatures vanquished.

Notes
Turn   | Place    | Note
-------+----------+-------------------------------------------
     0 | D:1      | HC7 the Troll Warper began the quest for the Orb.
     0 | D:1      | Reached XP level 1. HP: 19/19 MP: 1/1
    83 | D:1      | Found Boguk's Antique Armour Emporium.
   114 | D:1      | Reached XP level 2. HP: 26/28 MP: 2/2
   291 | D:1      | Reached XP level 3. HP: 33/35 MP: 3/3
   709 | D:2      | Learned a level 2 spell: Blink
  1004 | D:2      | Found a faded altar of an unknown god.
  1274 | D:2      | Reached skill level 1 in Unarmed Combat
  1274 | D:2      | Reached XP level 4. HP: 35/42 MP: 5/5
  1415 | D:3      | Found an opulent altar of Gozag.
  1472 | D:3      | Reached XP level 5. HP: 49/49 MP: 6/6
  1915 | D:3      | Identified the +7 quarterstaff of Midsummer {heavy, *Rage
                  | rF+ Dex+2 SInv}
  2133 | D:4      | Reached skill level 1 in Stealth
  2160 | D:4      | Noticed Sigmund
  2214 | D:4      | Noticed Eustachio
  2247 | D:4      | Killed Eustachio
  2248 | D:4      | Reached skill level 1 in Staves
  2248 | D:4      | Reached XP level 6. HP: 38/59 MP: 6/8
  2622 | D:4      | Found a bloodstained altar of Trog.
  2952 | D:4      | Killed Sigmund
  2953 | D:4      | Reached XP level 7. HP: 54/66 MP: 9/9
  2976 | D:5      | Entered Level 5 of the Dungeon
  2999 | D:5      | HP: 2/66 [water moccasin (5)]
  3000 | D:5      | Succumbed to a water moccasin's poison

Illustrated notes

Levels and vault maps discovered:
D:1:      lightli_arrival_windingriver, layout_basic, serial_shops,
          nicolae_shop_tiny_waterfront, minivault_24, minmay_3d_cube
D:2:      layout_loops_ring, dreamdust_ecumenical_altar_grove,
          serial_park_tiny_pond, st_stairs_13
D:3:      layout_loops_cross, nicolae_overflow_crystal_walls, chequers_jeans
D:4:      layout_basic, trog_three_pillars_becter, serial_bayou_pond_e,
          grunt_ministairs_15, uniq_sigmund, uniq_eustachio
D:5:      layout_rooms, nicolae_overflow_hidden_temple, uniq_menkaure

Skill      XL: |  1  2  3  4  5  6 |
---------------+-------------------+-----
Dodging        | 2 |  2.8
Fighting       | 2 |  2.8
Unarmed Combat | 1 2 |  2.1
Stealth        | 1 |  1.4
Staves         | 1 2 |  2.5
Spellcasting   | 2 |  2.2
Maces & Flails | |  0.5
Polearms       | |  1.8
Throwing       | |  0.8
Translocations | |  2.5

Action                     |  1- 3 |  4- 6 |  7- 9 || total
---------------------------+-------+-------+-------++-------
  Melee: Unarmed           |   133 |    14 |       ||   147
         Punch             |     1 |       |       ||     1
         Lajatang          |       |    84 |       ||    84
         Quarterstaff      |       |     3 |       ||     3
         Flail             |       |    14 |    20 ||    34
   Cast: Blink             |       |     2 |     1 ||     3
    Use: Scroll            |     2 |     5 |       ||     7
   Stab: Sleeping          |       |     2 |       ||     2
 Armour: Robe              |   118 |   101 |    26 ||   245
  Dodge: Dodged            |   110 |    76 |    24 ||   210

Table legend: (Time is in decaauts)
 A = Elapsed time spent in this place.
 B = Non-inter-level travel time spent in this place.
 C = Inter-level travel time spent in this place.
 D = Time resting spent in this place.
 E = Time spent auto-exploring this place.
 F = Levels seen in this place.
 G = Mean time per level.
                   A        B        C        D        E       F      G
               +--------+--------+--------+--------+--------+-----+--------+
         Total |   3051 |   2949 |    102 |      0 |   1809 |   5 |  610.2 |
       Dungeon |   3051 |   2949 |    102 |      0 |   1809 |   5 |  610.2 |
               +--------+--------+--------+--------+--------+-----+--------+

Top non-repeatable levels by time:
     D:4: 927 daAuts
     D:1: 740 daAuts
     D:2: 678 daAuts
     D:3: 674 daAuts
     D:5: 30 daAuts
